 Dungeon Crawl Stone Soup version 0.27.0-1-g7a08968 (webtiles) character file.

Game seed: 11306256944534665900

261 Illumine the Chopper (level 5, -5/47 HPs)
             Began as a Minotaur Fighter on Aug 9, 2021.
             Slain by Sigmund (7 damage)
             ... on level 4 of the Dungeon.
             The game lasted 00:01:39 (2168 turns).

Illumine the Chopper (Minotaur Fighter)             Turns: 2168, Time: 00:01:39

Health: -5/47      AC:  8    Str: 22    XL:     5   Next: 96%
Magic:  4/4        EV:  7    Int:  5    God:
Gold:   99         SH: 14    Dex:  9    Spells: 4/4 levels left

rFire    . . .     SeeInvis .   a - +0 war axe
rCold    . . .     Faith    .   c - +0 kite shield
rNeg     . . .     Spirit   .   b - +0 scale mail
rPois    .         Reflect  +   (helmet restricted)
rElec    .         Harm     .   f - +0 cloak
rCorr    .         Rampage  .   (no gloves)
Will     .....                  (no boots)
Stlth    ..........             h - amulet of reflection
HPRegen  0.15/turn              (no ring)
MPRegen  0.09/turn              (no ring)

@: no status effects
A: horns 2, retaliatory headbutt
a: no special abilities


You were on level 4 of the Dungeon.
You visited 1 branch of the dungeon, and saw 4 of its levels.

You collected 99 gold pieces.

Inventory:

Hand Weapons
 a - a +0 war axe (weapon)
Armour
 b - a +0 scale mail (worn)
 c - a +0 kite shield (worn)
 f - a +0 cloak (worn)
Jewellery
 h - an amulet of reflection (around neck)
Wands
 m - a wand of iceblast (12)
Scrolls
 e - a scroll of holy word {unknown}
 i - 2 scrolls of identify {unknown}
 j - a scroll of blinking {unknown}
 n - a scroll of summoning {unknown}
 o - a scroll of torment {unknown}
Potions
 d - a potion of might
 g - 2 potions of haste {unknown}
 k - 2 potions of ambrosia {unknown}
 l - a potion of curing {unknown}
 p - a potion of mutation {unknown}


   Skills:
 + Level 4.9 Fighting
 * Level 5.1 Axes
 + Level 4.8 Armour
 + Level 4.8 Shields


You had 4 spell levels left.
You didn't know any spells.
Your spell library contained the following spells:

 Spells                   Type           Power      Damage    Failure   Level
 Magic Dart               Conj           0%         1d3       99%         1
 Call Imp                 Summ           0%         N/A       100%        2
 Mephitic Cloud           Conj/Pois/Air  0%         N/A       100%        3


Dungeon Overview and Level Annotations

Branches:
Dungeon (4/15)
 Temple: D:4-7

Altars:
Qazlal
Wu Jian
Xom

Shops:
D:3 ?

Portals:
Ossuary: D:4

Annotations:
D:3 3 runed translucent doors, Ozzieoiler's ghost, amateur HOAK
D:4 Sigmund


Innate Abilities, Weirdness & Mutations

You have a pair of horns on your head.
You reflexively headbutt those who attack you in melee.


Message History

No target in view!
No target in view!
No target in view!
Something tries to affect you, but you resist.
No target in view!
No target in view!
No target in view!
Found 2 bubbling red potions.
Something hits you! Something hits you but does no damage.
You closely miss something. Something hits you.
You miss something. Something hits you! Something hits you but does no damage.
You miss something. You headbutt something!
You hear some strange, mumbled words.
A puff of flame appears from out of thin air!
The puff of flame hits you.
You barely miss something.
You hear some strange, mumbled words.
You are confused.
Something hits you but does no damage.
You closely miss something. Something hits you.
You bump into the rock wall.
You hear some strange, mumbled words.
A puff of flame appears from out of thin air!
The puff of flame hits you.
You slash something! Your headbutt misses something. Something hits you.
* * * LOW HITPOINT WARNING * * *
Something hits you but does no damage.
You closely miss something.
You feel less confused. Something hits you!
* * * LOW HITPOINT WARNING * * *
You miss something. You headbutt something.
Something hits you but does no damage.
You hear some strange, mumbled words.
A puff of flame appears from out of thin air!
The puff of flame hits you.
* * * LOW HITPOINT WARNING * * *
You closely miss something. Something hits you!
You die...

....................
..........#..#######
.........##..###.#
#.#..##..##......##
#.#..##..##.......# ##.
#.#..##..##.......# ...!
#.................#.....
#.#..##.._#..###......#
........)# #@##.###
####..#.## #{# .# #
#..#.####.##.###.#
#....##....#.....
####....##....#..##...
........##............
...............#..####.
.#####......^..#!.#
#..>...........


There were no monsters in sight!

Vanquished Creatures
  A necrophage (D:3)
  A scorpion (D:3)
  An iguana (D:3)
  3 adders
  3 dart slugs
  3 worms
  An orc (D:2)
  4 endoplasms
  A giant cockroach (D:2)
  6 goblins
  3 hobgoblins
  13 jackals (D:1)
  2 quokkas
  3 ball pythons (D:2)
  5 bats
  2 frilled lizards
  3 kobolds
  4 rats
59 creatures vanquished.

Notes
Turn   | Place    | Note
-------+----------+-------------------------------------------
     0 | D:1      | Illumine the Minotaur Fighter began the quest for the Orb.
     0 | D:1      | Reached XP level 1. HP: 19/19 MP: 0/0
   153 | D:1      | Reached XP level 2. HP: 24/27 MP: 1/1
   166 | D:1      | Reached skill level 3 in Axes
   299 | D:1      | Reached XP level 3. HP: 20/33 MP: 2/2
  1069 | D:2      | Found a stormy altar of Qazlal.
  1267 | D:3      | Reached XP level 4. HP: 40/40 MP: 3/3
  1284 | D:3      | Found an ornate altar of the Wu Jian Council.
  1284 | D:3      | Found a stormy altar of Qazlal.
  1401 | D:3      | Reached skill level 4 in Axes
  1531 | D:3      | Noticed a scorpion
  1533 | D:3      | Noticed a necrophage
  1534 | D:3      | Killed a scorpion
  1535 | D:3      | Reached XP level 5. HP: 47/47 MP: 4/4
  1540 | D:3      | Killed a necrophage
  1572 | D:3      | Reached skill level 5 in Axes
  1608 | D:3      | Found a runed translucent gate.
  1609 | D:3      | Found a runed translucent gate.
  1609 | D:3      | Found a runed translucent gate.
  1614 | D:3      | Noticed Ozzieoiler's ghost (amateur HOAK)
  1685 | D:3      | Found Deut's Magic Scroll Boutique.
  2077 | D:4      | Found a shimmering altar of Xom.
  2090 | D:4      | Found a sand-covered staircase.
  2140 | D:4      | Noticed Sigmund
  2167 | D:4      | HP: 2/47 [something/puff of flame (5)]
  2168 | D:4      | Slain by Sigmund

Illustrated notes

Levels and vault maps discovered:
D:1:      sevenhm_arrival_forest_fort_small_5, layout_loops_cross,
          basic_ecumenical_altar, minivault_24
D:2:      layout_rooms, basic_altar, minivault_23
D:3:      layout_loops_ring, mainiacjoe_overflow_large_starburst,
          gammafunk_ghost_necromancy, serial_shops, nicolae_shop_statue_plus,
          minmay_liquid_box
D:4:      layout_basic, overflow_temple_1_default,
          gammafunk_ghost_nasty_kobolds, enter_ossuary_4, uniq_sigmund

Skill      XL: |  1  2  3  4  5 |
---------------+----------------+-----
Axes           | 3 4 5 |  5.1
Armour         | 4 |  4.8
Shields        | 4 |  4.8
Fighting       | 4 |  4.9

Action                   |  1- 3 |  4- 6 || total
-------------------------+-------+-------++-------
Melee: War axe           |   103 |    64 ||   167
       Headbutt          |    11 |    12 ||    23
Armor: Scale mail        |    52 |    31 ||    83
Dodge: Dodged            |    28 |    13 ||    41
Block: Kite shield       |    76 |    39 ||   115
       Reflection        |     2 |       ||     2
